[ AOE2 MATCH · #480645964 ]
Team RMPersians vs Teutons
[ REPLAY ANALYSIS · EXTRACTED FROM THE RECORDED GAME ]
Feudal
10:07
Castle
18:25
Imperial
31:37
| APM avg | 10.6 |
| APM peak | 43 |
| eAPM avg | 7.5 |
| Villagers / military | 96 / 111 |
Focus
⚔️ 24.7% · 🌾 75.3%
Archer ×91 · Trebuchet (Packed) ×7 · Knight ×6 · War Elephant ×5 · Camel Scout ×2
Feudal
9:56
Castle
21:01
Imperial
34:05
| APM avg | 19.1 |
| APM peak | 44 |
| eAPM avg | 13.8 |
| Villagers / military | 141 / 225 |
Focus
⚔️ 40.6% · 🌾 59.4%
Longbowman ×167 · Spearman ×45 · Trebuchet (Packed) ×13
Feudal
9:55
Castle
18:47
Imperial
34:09
| APM avg | 19.7 |
| APM peak | 82 |
| eAPM avg | 10.6 |
| Villagers / military | 134 / 248 |
Focus
⚔️ 29.6% · 🌾 70.4%
Spearman ×190 · Magyar Huszar ×35 · Archer ×15 · Trebuchet (Packed) ×7 · Monk ×1
Feudal
13:07
Castle
17:53
Imperial
34:08
| APM avg | 48.8 |
| APM peak | 127 |
| eAPM avg | 30.6 |
| Villagers / military | 169 / 153 |
Focus
⚔️ 39.1% · 🌾 60.9%
Spearman ×109 · Mangonel ×21 · Bombard Cannon ×12 · Teutonic Knight ×4 · Knight ×3 · Trebuchet (Packed) ×3
Feudal
11:02
Castle
16:22
Imperial
30:30
| APM avg | 24.1 |
| APM peak | 52 |
| eAPM avg | 18.4 |
| Villagers / military | 218 / 176 |
Focus
⚔️ 21.5% · 🌾 78.5%
Knight ×161 · Throwing Axeman ×5 · Trebuchet (Packed) ×5 · Spearman ×2 · Monk ×2 · Mangonel ×1
Feudal
12:19
Castle
15:00
Imperial
31:03
| APM avg | 38.9 |
| APM peak | 104 |
| eAPM avg | 26.0 |
| Villagers / military | 259 / 242 |
Focus
⚔️ 15.7% · 🌾 84.3%
Ballista Elephant ×239 · Trebuchet (Packed) ×3
Match map
Resources at game start + every placement click. Thick line = wall · dashed box = detected house wall. 🟡 gold · ⚪ stone · 🟢 berries · 🔶 boar · ⭕ relic
Inputs per minute
— Lord Bendtner - - nkbasturk
Build order — Lord Bendtner
First 150 of 174 actions detected
| 0:07 | Create | Villager (Male) ×5 |
| 0:13 | Build | House |
| 1:31 | Create | Villager (Male) |
| 1:46 | Build | House |
| 1:47 | Build | House |
| 2:09 | Create | Villager (Male) |
| 2:19 | Create | Villager (Male) |
| 2:52 | Create | Villager (Male) |
| 2:59 | Build | Mill |
| 3:13 | Build | Mill |
| 3:22 | Create | Villager (Male) ×2 |
| 4:07 | Create | Villager (Male) |
| 4:26 | Research | Loom |
| 4:27 | Create | Villager (Male) |
| 4:51 | Create | Villager (Male) |
| 5:05 | Create | Villager (Male) |
| 5:20 | Create | Villager (Male) |
| 5:29 | Build | House |
| 5:32 | Build | Lumber Camp |
| 6:34 | Create | Villager (Male) |
| 6:34 | Create | Villager (Male) |
| 6:36 | Create | Villager (Male) |
| 7:45 | Build | House |
| 7:51 | Research | Feudal Age |
| 8:00 | Build | Mining Camp |
| 9:02 | Build | Mill |
| 9:23 | Build | Farm |
| 9:25 | Build | Farm |
| 9:28 | Build | Farm |
| 9:29 | Build | Farm |
| 10:07 | Age | Feudal Age |
| 10:13 | Research | Wheelbarrow |
| 10:18 | Research | Double-Bit Axe |
| 10:26 | Research | Horse Collar |
| 10:40 | Create | Villager (Male) ×5 |
| 11:51 | Build | Farm |
| 12:12 | Build | Farm |
| 12:33 | Build | Farm |
| 12:43 | Create | Villager (Male) ×5 |
| 12:56 | Build | House |
| 12:57 | Build | House |
| 13:02 | Build | Blacksmith |
| 14:58 | Build | Market |
| 15:14 | Create | Villager (Male) |
| 15:14 | Create | Villager (Male) |
| 15:44 | Build | Barracks |
| 16:00 | Research | Castle Age |
| 16:06 | Research | Gold Mining |
| 17:01 | Build | Archery Range |
| 17:07 | Research | Stone Mining |
| 18:21 | Build | Archery Range |
| 18:24 | Build | Mining Camp |
| 18:25 | Age | Castle Age |
| 19:03 | Create | Archer ×5 |
| 19:18 | Build | Farm |
| 19:19 | Build | Farm |
| 19:19 | Build | Farm |
| 19:21 | Build | Farm |
| 19:23 | Build | Farm |
| 19:24 | Build | Farm |
| 19:25 | Build | Farm |
| 19:36 | Research | Crossbowman (upgrade) |
| 19:46 | Build | Mining Camp |
| 20:05 | Create | Villager (Male) ×5 |
| 20:05 | Create | Villager (Male) ×5 |
| 20:08 | Build | Farm |
| 20:12 | Build | Farm |
| 20:17 | Research | Fletching |
| 20:44 | Build | House |
| 20:51 | Build | Farm |
| 20:56 | Create | Archer ×2 |
| 21:35 | Build | Farm |
| 21:39 | Build | Farm |
| 21:46 | Research | Bodkin Arrow |
| 21:47 | Research | Padded Archer Armor |
| 22:24 | Research | Bow Saw |
| 22:35 | Research | Gold Shaft Mining |
| 22:40 | Build | House |
| 22:43 | Build | House |
| 22:44 | Build | House |
| 22:44 | Build | House |
| 23:50 | Build | Castle |
| 23:55 | Create | Archer |
| 24:14 | Build | Town Center |
| 24:40 | Create | Villager (Male) ×5 |
| 24:54 | Create | Villager (Male) ×5 |
| 25:57 | Create | Villager (Male) ×5 |
| 26:00 | Create | Villager (Male) ×5 |
| 26:18 | Build | Stable |
| 26:31 | Build | Town Center |
| 27:24 | Build | University |
| 27:28 | Build | Monastery |
| 27:34 | Build | Farm |
| 27:35 | Build | Farm |
| 27:36 | Build | Farm |
| 27:45 | Build | Farm |
| 28:13 | Build | Farm |
| 28:51 | Research | Imperial Age |
| 28:55 | Build | Farm |
| 29:01 | Build | Mining Camp |
| 29:13 | Build | Castle |
| 29:16 | Research | Stone Shaft Mining |
| 29:41 | Build | Archery Range |
| 29:43 | Build | Archery Range |
| 29:54 | Research | Leather Archer Armor |
| 29:57 | Research | Ballistics |
| 30:12 | Create | Knight ×3 |
| 30:34 | Build | Stable |
| 31:04 | Research | Thumb Ring |
| 31:26 | Research | Kamandaran |
| 31:31 | Create | Villager (Male) |
| 31:37 | Create | Villager (Male) |
| 31:37 | Age | Imperial Age |
| 32:00 | Create | Trebuchet (Packed) |
| 32:06 | Create | Archer |
| 32:12 | Create | Archer ×5 |
| 32:12 | Create | Archer ×5 |
| 32:13 | Create | Archer ×4 |
| 32:13 | Create | Archer ×4 |
| 32:34 | Create | Camel Scout ×2 |
| 32:42 | Research | Forging |
| 32:58 | Build | Lumber Camp |
| 33:13 | Create | Trebuchet (Packed) |
| 33:17 | Create | Archer |
| 33:17 | Create | Archer |
| 33:17 | Create | Archer |
| 33:19 | Create | Villager (Male) ×5 |
| 33:22 | Create | Villager (Male) ×5 |
| 33:51 | Create | Knight ×3 |
| 33:58 | Create | Archer ×5 |
| 34:22 | Create | Archer ×5 |
| 34:36 | Build | House |
| 34:37 | Build | House |
| 34:37 | Build | House |
| 34:38 | Build | House |
| 34:39 | Build | House |
| 34:40 | Build | House |
| 34:42 | Create | Villager (Male) ×5 |
| 34:43 | Create | Villager (Male) ×5 |
| 35:04 | Create | Archer ×3 |
| 35:05 | Create | Archer ×3 |
| 35:21 | Research | Chemistry |
| 35:24 | Create | Trebuchet (Packed) |
| 36:25 | Create | Trebuchet (Packed) ×2 |
| 36:41 | Research | Hand Cart |
| 36:43 | Create | Villager (Male) ×4 |
| 37:06 | Research | Heavy Plow |
| 37:11 | Build | Farm |
| 37:25 | Create | Trebuchet (Packed) ×2 |
| 37:32 | Build | Castle |
Build order — nkbasturk
First 150 of 471 actions detected
| 0:03 | Build | House |
| 0:05 | Build | House |
| 0:06 | Create | Villager (Male) |
| 0:06 | Create | Villager (Male) |
| 0:06 | Create | Villager (Male) |
| 0:07 | Create | Villager (Male) |
| 0:07 | Create | Villager (Male) |
| 1:31 | Create | Villager (Male) |
| 1:32 | Create | Villager (Male) |
| 1:54 | Create | Villager (Male) |
| 1:54 | Create | Villager (Male) |
| 2:12 | Create | Villager (Male) |
| 2:12 | Create | Villager (Male) |
| 2:39 | Create | Villager (Male) |
| 2:39 | Create | Villager (Male) |
| 2:52 | Create | Villager (Male) |
| 2:52 | Create | Villager (Male) |
| 3:01 | Build | Lumber Camp |
| 3:29 | Create | Villager (Male) |
| 3:30 | Create | Villager (Male) |
| 3:34 | Build | House |
| 3:39 | Create | Villager (Male) |
| 3:39 | Create | Villager (Male) |
| 4:08 | Create | Villager (Male) |
| 4:08 | Create | Villager (Male) |
| 5:12 | Build | Mill |
| 5:18 | Create | Villager (Male) |
| 5:53 | Create | Villager (Male) |
| 5:57 | Build | House |
| 6:04 | Build | Mining Camp |
| 6:13 | Create | Villager (Male) |
| 6:48 | Create | Villager (Male) |
| 7:07 | Create | Villager (Male) |
| 7:18 | Build | Mining Camp |
| 7:40 | Build | House |
| 7:46 | Research | Feudal Age |
| 9:06 | Build | Barracks |
| 9:52 | Build | House |
| 9:56 | Age | Feudal Age |
| 10:00 | Research | Wheelbarrow |
| 10:01 | Create | Villager (Male) |
| 10:02 | Create | Villager (Male) |
| 10:02 | Create | Villager (Male) |
| 10:12 | Research | Double-Bit Axe |
| 10:47 | Research | Stone Mining |
| 11:21 | Build | Farm |
| 11:23 | Build | Farm |
| 11:25 | Create | Villager (Male) |
| 11:25 | Create | Villager (Male) |
| 11:48 | Build | Farm |
| 11:54 | Create | Villager (Male) |
| 12:18 | Create | Villager (Male) |
| 12:30 | Research | Gold Mining |
| 12:33 | Create | Villager (Male) |
| 12:41 | Build | Farm |
| 12:48 | Build | Farm |
| 12:57 | Create | Villager (Male) |
| 13:03 | Build | Farm |
| 13:22 | Research | Horse Collar |
| 13:32 | Create | Villager (Male) |
| 13:50 | Create | Villager (Male) |
| 14:00 | Build | Farm |
| 14:08 | Build | Farm |
| 14:18 | Build | Farm |
| 14:30 | Create | Villager (Male) |
| 14:44 | Build | Farm |
| 14:48 | Create | Villager (Male) |
| 14:53 | Build | Farm |
| 14:59 | Build | Farm |
| 15:02 | Create | Villager (Male) |
| 15:15 | Build | House |
| 15:20 | Create | Villager (Male) |
| 15:23 | Build | Farm |
| 15:49 | Build | Farm |
| 15:54 | Create | Villager (Male) |
| 16:01 | Build | House |
| 16:02 | Build | House |
| 16:03 | Build | House |
| 16:14 | Build | Farm |
| 16:22 | Create | Villager (Male) |
| 16:44 | Build | Blacksmith |
| 16:58 | Create | Villager (Male) |
| 17:26 | Build | Archery Range |
| 17:31 | Build | Farm |
| 17:40 | Create | Villager (Male) |
| 18:09 | Build | Farm |
| 18:21 | Research | Castle Age |
| 18:36 | Research | Fletching |
| 18:47 | Research | Padded Archer Armor |
| 19:15 | Build | House |
| 19:16 | Build | House |
| 19:17 | Build | House |
| 21:01 | Age | Castle Age |
| 21:05 | Build | Castle |
| 21:14 | Build | Town Center |
| 21:20 | Build | Town Center |
| 21:33 | Research | Hand Cart |
| 21:34 | Create | Villager (Male) |
| 21:34 | Create | Villager (Male) |
| 21:34 | Create | Villager (Male) |
| 21:34 | Create | Villager (Male) |
| 21:35 | Create | Villager (Male) |
| 21:45 | Build | House |
| 21:46 | Build | House |
| 21:47 | Build | House |
| 21:59 | Research | Bodkin Arrow |
| 22:20 | Build | University |
| 22:26 | Create | Longbowman |
| 22:27 | Create | Longbowman |
| 22:27 | Create | Longbowman |
| 22:27 | Create | Longbowman |
| 22:27 | Create | Longbowman |
| 22:28 | Create | Longbowman |
| 22:28 | Create | Longbowman |
| 22:28 | Create | Longbowman |
| 22:38 | Create | Villager (Male) |
| 22:39 | Create | Villager (Male) |
| 22:50 | Create | Villager (Male) |
| 22:51 | Create | Villager (Male) |
| 23:06 | Create | Villager (Male) |
| 23:10 | Create | Villager (Male) |
| 23:12 | Create | Villager (Male) |
| 23:16 | Create | Villager (Male) |
| 23:27 | Research | Leather Archer Armor |
| 23:38 | Research | Gold Shaft Mining |
| 23:44 | Build | House |
| 23:45 | Build | House |
| 23:47 | Build | House |
| 24:02 | Create | Villager (Male) |
| 24:02 | Create | Villager (Male) |
| 24:02 | Create | Villager (Male) |
| 24:12 | Research | Heavy Plow |
| 24:37 | Research | Bow Saw |
| 24:41 | Create | Longbowman |
| 24:47 | Create | Villager (Male) |
| 24:47 | Create | Villager (Male) |
| 24:55 | Create | Villager (Male) |
| 24:55 | Create | Villager (Male) |
| 24:58 | Create | Villager (Male) |
| 24:58 | Create | Villager (Male) |
| 25:11 | Create | Villager (Male) |
| 25:11 | Create | Villager (Male) |
| 25:15 | Create | Longbowman |
| 25:15 | Create | Longbowman |
| 25:22 | Create | Villager (Male) |
| 25:22 | Create | Villager (Male) |
| 25:35 | Research | Treadmill Crane |
| 25:42 | Create | Villager (Male) |
| 25:42 | Create | Villager (Male) |
| 25:55 | Create | Villager (Male) |
Build order — ckick123
First 150 of 324 actions detected
| 0:03 | Build | House |
| 0:05 | Build | House |
| 0:07 | Build | House |
| 0:08 | Create | Villager (Male) ×4 |
| 0:08 | Create | Villager (Male) ×4 |
| 1:51 | Create | Villager (Male) |
| 1:51 | Create | Villager (Male) |
| 2:08 | Create | Villager (Male) |
| 2:08 | Create | Villager (Male) |
| 2:34 | Create | Villager (Male) |
| 2:34 | Create | Villager (Male) |
| 3:06 | Create | Villager (Male) |
| 3:07 | Create | Villager (Male) |
| 3:09 | Create | Villager (Male) |
| 4:00 | Create | Villager (Male) |
| 4:21 | Create | Villager (Male) |
| 4:21 | Create | Villager (Male) |
| 4:29 | Create | Villager (Male) |
| 4:30 | Create | Villager (Male) |
| 4:30 | Create | Villager (Male) |
| 4:43 | Create | Villager (Male) |
| 4:43 | Create | Villager (Male) |
| 4:44 | Create | Villager (Male) |
| 5:45 | Create | Villager (Male) |
| 5:53 | Build | House |
| 6:14 | Build | Mill |
| 6:31 | Create | Villager (Male) |
| 6:31 | Create | Villager (Male) |
| 7:12 | Create | Villager (Male) |
| 7:23 | Build | Lumber Camp |
| 7:45 | Research | Feudal Age |
| 9:10 | Build | House |
| 9:13 | Build | Lumber Camp |
| 9:28 | Create | Villager (Male) ×4 |
| 9:52 | Build | Farm |
| 9:55 | Age | Feudal Age |
| 10:00 | Research | Double-Bit Axe |
| 10:18 | Create | Villager (Male) |
| 10:23 | Build | Farm |
| 10:40 | Build | Farm |
| 10:44 | Build | Farm |
| 10:49 | Build | Farm |
| 10:53 | Build | Farm |
| 10:56 | Create | Villager (Male) |
| 11:06 | Build | House |
| 11:13 | Build | Farm |
| 11:19 | Create | Villager (Male) |
| 11:40 | Build | Farm |
| 11:46 | Create | Villager (Male) |
| 11:55 | Build | Market |
| 12:05 | Build | Farm |
| 12:08 | Create | Villager (Male) |
| 12:27 | Research | Horse Collar |
| 12:29 | Build | Farm |
| 12:33 | Create | Villager (Male) |
| 12:54 | Build | Farm |
| 12:59 | Create | Villager (Male) |
| 13:08 | Build | Blacksmith |
| 13:58 | Create | Villager (Male) |
| 14:00 | Create | Villager (Male) |
| 14:04 | Build | House |
| 14:05 | Build | House |
| 14:07 | Build | House |
| 14:08 | Build | House |
| 14:45 | Create | Villager (Male) |
| 15:13 | Create | Villager (Male) |
| 15:35 | Build | Farm |
| 15:42 | Create | Villager (Male) |
| 16:03 | Research | Castle Age |
| 16:07 | Build | Farm |
| 16:09 | Build | Farm |
| 16:12 | Build | Farm |
| 16:17 | Build | Farm |
| 16:21 | Build | Farm |
| 16:25 | Build | Farm |
| 16:31 | Build | Mill |
| 16:35 | Build | Farm |
| 16:38 | Build | Farm |
| 16:45 | Build | House |
| 16:46 | Build | House |
| 16:46 | Build | House |
| 16:46 | Build | House |
| 16:47 | Build | House |
| 16:47 | Build | House |
| 16:47 | Build | House |
| 17:24 | Build | Farm |
| 18:14 | Create | Villager (Male) ×5 |
| 18:47 | Age | Castle Age |
| 18:48 | Research | Bow Saw |
| 18:51 | Build | Town Center |
| 18:55 | Research | Heavy Plow |
| 18:56 | Create | Villager (Male) ×5 |
| 19:01 | Build | Town Center |
| 19:14 | Build | House |
| 19:14 | Build | House |
| 19:15 | Build | House |
| 19:16 | Build | House |
| 19:54 | Create | Villager (Male) ×5 |
| 19:58 | Create | Villager (Male) ×5 |
| 20:38 | Create | Villager (Male) ×5 |
| 20:44 | Create | Villager (Male) |
| 20:44 | Create | Villager (Male) |
| 20:45 | Create | Villager (Male) |
| 20:45 | Create | Villager (Male) |
| 20:45 | Create | Villager (Male) |
| 22:12 | Create | Villager (Male) ×5 |
| 22:37 | Build | Town Center |
| 22:44 | Create | Villager (Male) |
| 22:49 | Create | Villager (Male) |
| 22:49 | Create | Villager (Male) |
| 22:54 | Create | Villager (Male) |
| 22:54 | Create | Villager (Male) |
| 22:55 | Create | Villager (Male) |
| 22:55 | Create | Villager (Male) |
| 22:58 | Create | Villager (Male) |
| 22:59 | Create | Villager (Male) |
| 23:05 | Build | House |
| 23:05 | Build | House |
| 23:06 | Build | House |
| 23:06 | Build | House |
| 23:06 | Build | House |
| 23:06 | Build | House |
| 23:21 | Research | Scale Barding Armor |
| 23:59 | Build | Town Center |
| 24:02 | Create | Villager (Male) |
| 24:04 | Create | Villager (Male) |
| 24:14 | Research | Wheelbarrow |
| 24:25 | Create | Villager (Male) ×5 |
| 24:36 | Build | Farm |
| 24:39 | Build | Farm |
| 24:51 | Create | Villager (Male) |
| 24:51 | Create | Villager (Male) |
| 25:16 | Build | Monastery |
| 25:21 | Create | Villager (Male) |
| 25:23 | Create | Villager (Male) |
| 25:26 | Create | Villager (Male) |
| 25:27 | Create | Villager (Male) |
| 25:27 | Create | Villager (Male) |
| 25:36 | Create | Villager (Male) ×5 |
| 25:44 | Build | Mining Camp |
| 25:45 | Create | Monk |
| 25:50 | Create | Villager (Male) |
| 25:50 | Create | Villager (Male) |
| 25:59 | Build | House |
| 25:59 | Build | House |
| 25:59 | Build | House |
| 25:59 | Build | House |
| 26:00 | Build | House |
| 26:00 | Build | House |
| 26:05 | Build | Farm |
Build order — tostostos
First 150 of 378 actions detected
| 0:02 | Create | Villager (Male) ×4 |
| 0:02 | Create | Villager (Male) ×4 |
| 0:04 | Build | House |
| 0:08 | Build | House |
| 1:27 | Create | Villager (Male) |
| 1:27 | Create | Villager (Male) |
| 2:05 | Create | Villager (Male) |
| 2:19 | Create | Villager (Male) |
| 2:52 | Create | Villager (Male) |
| 3:01 | Build | Lumber Camp |
| 3:07 | Create | Villager (Male) |
| 3:52 | Create | Villager (Male) |
| 3:52 | Create | Villager (Male) |
| 4:07 | Research | Loom |
| 4:27 | Build | House |
| 4:29 | Build | House |
| 4:30 | Build | House |
| 4:40 | Create | Villager (Male) ×3 |
| 4:40 | Create | Villager (Male) ×3 |
| 5:27 | Create | Villager (Male) |
| 5:49 | Create | Villager (Male) |
| 5:49 | Create | Villager (Male) |
| 5:56 | Build | Mill |
| 6:34 | Create | Villager (Male) ×4 |
| 7:02 | Create | Villager (Male) |
| 7:03 | Create | Villager (Male) |
| 7:45 | Build | Mill |
| 7:50 | Create | Villager (Male) |
| 7:50 | Create | Villager (Male) |
| 7:50 | Create | Villager (Male) |
| 8:16 | Create | Villager (Male) |
| 8:17 | Create | Villager (Male) |
| 8:46 | Build | Lumber Camp |
| 9:57 | Build | Mining Camp |
| 10:17 | Build | Farm |
| 10:22 | Build | Farm |
| 10:37 | Research | Feudal Age |
| 11:03 | Build | House |
| 11:05 | Build | House |
| 11:21 | Build | Farm |
| 11:53 | Build | Barracks |
| 12:01 | Build | House |
| 12:17 | Create | Villager (Male) |
| 12:18 | Create | Villager (Male) |
| 13:07 | Age | Feudal Age |
| 13:13 | Research | Double-Bit Axe |
| 13:14 | Create | Villager (Male) |
| 13:21 | Build | Market |
| 13:36 | Build | Blacksmith |
| 13:43 | Build | Farm |
| 13:43 | Build | Farm |
| 13:44 | Build | Farm |
| 13:44 | Build | Farm |
| 13:45 | Build | Farm |
| 13:45 | Build | Farm |
| 13:45 | Build | Farm |
| 13:46 | Build | Farm |
| 14:34 | Build | Farm |
| 14:39 | Create | Villager (Male) |
| 15:13 | Research | Castle Age |
| 15:30 | Build | Barracks |
| 15:37 | Build | House |
| 15:40 | Build | House |
| 15:45 | Research | Horse Collar |
| 15:48 | Create | Spearman |
| 15:50 | Create | Spearman |
| 16:24 | Build | Palisade Gate |
| 16:42 | Create | Spearman |
| 16:42 | Create | Spearman |
| 16:53 | Research | Forging |
| 17:19 | Research | Scale Mail Armor |
| 17:53 | Age | Castle Age |
| 17:54 | Research | Wheelbarrow |
| 17:57 | Research | Heavy Plow |
| 18:07 | Build | Town Center |
| 18:10 | Create | Spearman |
| 18:41 | Create | Villager (Male) |
| 18:50 | Research | Scale Barding Armor |
| 19:02 | Create | Villager (Male) |
| 19:17 | Create | Villager (Male) |
| 19:29 | Build | Stable |
| 19:41 | Build | Town Center |
| 19:43 | Create | Villager (Male) |
| 19:43 | Create | Villager (Male) |
| 19:44 | Create | Villager (Male) |
| 19:53 | Research | Bow Saw |
| 20:25 | Create | Villager (Male) |
| 20:26 | Create | Villager (Male) |
| 20:26 | Create | Villager (Male) |
| 20:26 | Create | Villager (Male) |
| 20:54 | Build | Town Center |
| 20:58 | Create | Villager (Male) |
| 21:20 | Create | Villager (Male) |
| 21:21 | Create | Villager (Male) |
| 21:21 | Create | Villager (Male) |
| 21:22 | Create | Villager (Male) |
| 21:22 | Create | Villager (Male) |
| 21:22 | Create | Villager (Male) |
| 22:06 | Build | Siege Workshop |
| 22:13 | Create | Villager (Male) |
| 22:13 | Create | Villager (Male) |
| 22:13 | Create | Villager (Male) |
| 22:14 | Create | Villager (Male) |
| 22:14 | Create | Villager (Male) |
| 22:14 | Create | Villager (Male) |
| 22:32 | Create | Knight |
| 22:38 | Create | Villager (Male) |
| 22:39 | Create | Villager (Male) |
| 22:47 | Build | Farm |
| 22:47 | Build | Farm |
| 22:47 | Build | Farm |
| 22:47 | Build | Farm |
| 22:48 | Build | Farm |
| 22:48 | Build | Farm |
| 22:48 | Build | Farm |
| 22:49 | Build | Farm |
| 22:49 | Build | Farm |
| 22:49 | Build | Farm |
| 22:49 | Build | Farm |
| 22:49 | Build | Farm |
| 22:50 | Build | Farm |
| 22:50 | Build | Farm |
| 22:50 | Build | Farm |
| 22:51 | Build | Farm |
| 22:51 | Build | Farm |
| 22:51 | Build | Farm |
| 22:58 | Create | Villager (Male) |
| 22:58 | Create | Villager (Male) |
| 23:12 | Create | Mangonel |
| 23:12 | Create | Mangonel |
| 23:19 | Create | Villager (Male) |
| 23:19 | Create | Villager (Male) |
| 23:19 | Create | Villager (Male) |
| 23:20 | Create | Villager (Male) |
| 23:20 | Create | Villager (Male) |
| 23:41 | Create | Villager (Male) |
| 23:45 | Create | Villager (Male) |
| 23:48 | Create | Villager (Male) |
| 23:59 | Create | Mangonel |
| 24:07 | Create | Villager (Male) |
| 24:07 | Create | Villager (Male) |
| 24:07 | Create | Villager (Male) |
| 24:17 | Create | Villager (Male) |
| 24:18 | Create | Villager (Male) |
| 24:18 | Create | Villager (Male) |
| 24:29 | Build | House |
| 24:30 | Build | House |
| 24:40 | Create | Mangonel |
| 24:53 | Create | Villager (Male) ×5 |
| 24:54 | Create | Villager (Male) ×5 |
Build order — 叫我帅哥就好了
First 150 of 379 actions detected
| 0:06 | Create | Villager (Male) |
| 0:06 | Create | Villager (Male) |
| 0:07 | Create | Villager (Male) |
| 0:09 | Build | House |
| 0:11 | Build | House |
| 0:15 | Create | Villager (Male) |
| 0:16 | Create | Villager (Male) |
| 1:39 | Create | Villager (Male) |
| 1:39 | Create | Villager (Male) |
| 2:12 | Create | Villager (Male) |
| 2:13 | Create | Villager (Male) |
| 2:13 | Create | Villager (Male) |
| 2:34 | Create | Villager (Male) |
| 2:34 | Create | Villager (Male) |
| 2:35 | Create | Villager (Male) |
| 2:35 | Create | Villager (Male) |
| 3:05 | Create | Villager (Male) |
| 3:05 | Create | Villager (Male) |
| 3:05 | Create | Villager (Male) |
| 3:08 | Create | Villager (Male) |
| 3:08 | Create | Villager (Male) |
| 3:08 | Create | Villager (Male) |
| 3:21 | Build | Lumber Camp |
| 3:32 | Create | Villager (Male) |
| 3:32 | Create | Villager (Male) |
| 3:35 | Create | Villager (Male) |
| 3:35 | Create | Villager (Male) |
| 3:42 | Build | House |
| 3:43 | Build | House |
| 3:46 | Build | House |
| 4:01 | Create | Villager (Male) |
| 4:01 | Create | Villager (Male) |
| 4:01 | Create | Villager (Male) |
| 4:16 | Create | Villager (Male) |
| 4:16 | Create | Villager (Male) |
| 4:49 | Create | Villager (Male) |
| 4:50 | Create | Villager (Male) |
| 5:28 | Create | Villager (Male) |
| 5:29 | Create | Villager (Male) |
| 5:29 | Create | Villager (Male) |
| 5:29 | Create | Villager (Male) |
| 5:36 | Create | Villager (Male) |
| 5:36 | Create | Villager (Male) |
| 5:41 | Build | Mill |
| 6:14 | Create | Villager (Male) |
| 6:14 | Create | Villager (Male) |
| 6:42 | Create | Villager (Male) |
| 6:43 | Create | Villager (Male) |
| 6:49 | Build | Farm |
| 6:54 | Build | Farm |
| 7:07 | Create | Villager (Male) |
| 7:28 | Build | Farm |
| 7:29 | Create | Villager (Male) |
| 7:30 | Create | Villager (Male) |
| 7:50 | Create | Villager (Male) |
| 7:50 | Create | Villager (Male) |
| 8:27 | Create | Villager (Male) |
| 8:32 | Build | Mining Camp |
| 8:51 | Research | Feudal Age |
| 8:52 | Research | Feudal Age |
| 8:52 | Research | Feudal Age |
| 9:42 | Build | Mill |
| 10:15 | Build | Mining Camp |
| 10:26 | Build | Mining Camp |
| 10:37 | Create | Villager (Male) |
| 10:37 | Create | Villager (Male) |
| 10:58 | Create | Villager (Male) |
| 11:02 | Age | Feudal Age |
| 11:03 | Create | Villager (Male) |
| 11:17 | Build | Market |
| 11:50 | Create | Villager (Male) |
| 12:18 | Build | Blacksmith |
| 13:17 | Create | Villager (Male) |
| 13:20 | Build | Farm |
| 13:21 | Build | Farm |
| 13:21 | Build | Farm |
| 13:22 | Build | Farm |
| 13:34 | Research | Castle Age |
| 14:08 | Build | House |
| 14:10 | Build | House |
| 14:11 | Build | House |
| 14:13 | Build | House |
| 14:37 | Build | Barracks |
| 14:39 | Build | House |
| 14:51 | Research | Double-Bit Axe |
| 15:45 | Create | Spearman |
| 15:46 | Create | Spearman |
| 15:49 | Create | Villager (Male) |
| 15:50 | Create | Villager (Male) |
| 15:53 | Create | Villager (Male) |
| 16:22 | Age | Castle Age |
| 16:29 | Build | Monastery |
| 16:36 | Build | Monastery |
| 16:41 | Research | Bow Saw |
| 17:06 | Create | Monk |
| 17:07 | Create | Monk |
| 17:18 | Build | Town Center |
| 17:22 | Create | Villager (Male) |
| 17:22 | Create | Villager (Male) |
| 17:22 | Create | Villager (Male) |
| 17:54 | Create | Villager (Male) |
| 18:27 | Build | Town Center |
| 18:51 | Create | Villager (Male) |
| 19:02 | Create | Villager (Male) |
| 19:03 | Create | Villager (Male) |
| 19:03 | Create | Villager (Male) |
| 19:04 | Create | Villager (Male) |
| 19:04 | Create | Villager (Male) |
| 19:04 | Create | Villager (Male) |
| 19:09 | Build | Farm |
| 19:09 | Build | Farm |
| 19:10 | Build | Farm |
| 19:12 | Create | Villager (Male) |
| 19:42 | Build | House |
| 19:47 | Build | House |
| 19:47 | Build | House |
| 19:47 | Build | House |
| 19:48 | Build | House |
| 19:49 | Build | House |
| 19:49 | Build | House |
| 19:49 | Build | House |
| 19:50 | Build | House |
| 19:50 | Build | House |
| 19:57 | Create | Villager (Male) |
| 19:57 | Create | Villager (Male) |
| 19:57 | Create | Villager (Male) |
| 20:17 | Create | Villager (Male) |
| 20:17 | Create | Villager (Male) |
| 20:35 | Create | Villager (Male) ×2 |
| 20:39 | Build | Farm |
| 20:40 | Build | Farm |
| 20:40 | Build | Farm |
| 21:08 | Create | Villager (Male) ×3 |
| 21:19 | Build | Farm |
| 21:20 | Build | Farm |
| 21:20 | Build | Farm |
| 21:20 | Build | Farm |
| 21:21 | Build | Farm |
| 21:21 | Build | Farm |
| 21:21 | Build | Farm |
| 21:27 | Build | Farm |
| 21:27 | Build | Farm |
| 21:28 | Build | Farm |
| 21:28 | Build | Farm |
| 21:38 | Build | House |
| 21:39 | Build | House |
| 21:39 | Build | House |
| 21:39 | Build | House |
| 21:43 | Build | House |
| 21:43 | Build | House |
Build order — D.M.G.
First 150 of 393 actions detected
| 0:00 | Create | Villager (Male) |
| 0:01 | Create | Villager (Male) |
| 0:01 | Create | Villager (Male) |
| 0:01 | Create | Villager (Male) |
| 0:02 | Create | Villager (Male) |
| 0:06 | Build | House |
| 0:09 | Build | House |
| 1:29 | Create | Villager (Male) |
| 1:30 | Create | Villager (Male) |
| 1:30 | Create | Villager (Male) |
| 1:52 | Build | Lumber Camp |
| 2:04 | Create | Villager (Male) |
| 2:04 | Create | Villager (Male) |
| 2:27 | Create | Villager (Male) |
| 2:28 | Create | Villager (Male) |
| 2:53 | Create | Villager (Male) |
| 2:53 | Create | Villager (Male) |
| 3:06 | Create | Villager (Male) |
| 3:07 | Create | Villager (Male) |
| 3:28 | Build | House |
| 3:29 | Build | House |
| 3:42 | Create | Villager (Male) |
| 3:42 | Create | Villager (Male) |
| 3:57 | Create | Villager (Male) |
| 3:57 | Create | Villager (Male) |
| 4:17 | Build | Mill |
| 4:29 | Create | Villager (Male) |
| 4:29 | Create | Villager (Male) |
| 4:29 | Create | Villager (Male) |
| 5:08 | Create | Villager (Male) |
| 5:08 | Create | Villager (Male) |
| 5:09 | Create | Villager (Male) |
| 5:25 | Create | Villager (Male) |
| 5:25 | Create | Villager (Male) |
| 5:45 | Create | Villager (Male) |
| 5:45 | Create | Villager (Male) |
| 5:46 | Create | Villager (Male) |
| 5:58 | Create | Villager (Male) |
| 5:58 | Create | Villager (Male) |
| 6:18 | Create | Villager (Male) |
| 6:19 | Create | Villager (Male) |
| 7:01 | Create | Villager (Male) ×2 |
| 7:01 | Create | Villager (Male) ×2 |
| 7:14 | Create | Villager (Male) ×3 |
| 7:14 | Create | Villager (Male) ×3 |
| 7:14 | Create | Villager (Male) ×3 |
| 7:20 | Build | Lumber Camp |
| 8:06 | Build | House |
| 8:07 | Build | House |
| 8:58 | Create | Villager (Male) |
| 8:58 | Create | Villager (Male) |
| 9:09 | Build | Mining Camp |
| 9:27 | Research | Feudal Age |
| 9:36 | Build | Farm |
| 9:37 | Build | Farm |
| 9:37 | Build | Farm |
| 9:38 | Build | Farm |
| 9:42 | Build | Farm |
| 9:43 | Build | Farm |
| 9:43 | Build | Farm |
| 9:44 | Build | Farm |
| 10:16 | Build | Farm |
| 12:08 | Build | Mining Camp |
| 12:19 | Age | Feudal Age |
| 12:20 | Research | Castle Age |
| 12:20 | Research | Castle Age |
| 12:47 | Research | Double-Bit Axe |
| 13:11 | Research | Horse Collar |
| 14:11 | Research | Stone Mining |
| 15:00 | Age | Castle Age |
| 15:04 | Build | Town Center |
| 15:09 | Build | Town Center |
| 15:15 | Build | Town Center |
| 15:23 | Build | Town Center |
| 15:31 | Research | Wheelbarrow |
| 16:11 | Build | Farm |
| 16:34 | Create | Villager (Male) ×5 |
| 16:34 | Create | Villager (Male) ×5 |
| 16:35 | Create | Villager (Male) ×5 |
| 16:35 | Create | Villager (Male) |
| 16:47 | Create | Villager (Male) |
| 16:47 | Create | Villager (Male) |
| 16:47 | Create | Villager (Male) |
| 16:58 | Create | Villager (Male) |
| 16:58 | Create | Villager (Male) |
| 16:58 | Create | Villager (Male) |
| 17:13 | Create | Villager (Male) |
| 17:24 | Build | Farm |
| 17:26 | Create | Villager (Male) ×2 |
| 17:26 | Create | Villager (Male) ×2 |
| 17:26 | Create | Villager (Male) ×2 |
| 17:34 | Create | Villager (Male) |
| 17:34 | Create | Villager (Male) |
| 17:34 | Create | Villager (Male) |
| 17:44 | Build | Farm |
| 17:46 | Create | Villager (Male) |
| 17:46 | Create | Villager (Male) |
| 17:46 | Create | Villager (Male) |
| 17:52 | Build | Farm |
| 18:07 | Create | Villager (Male) ×3 |
| 18:07 | Create | Villager (Male) ×3 |
| 18:08 | Create | Villager (Male) ×3 |
| 18:19 | Build | Farm |
| 18:20 | Build | Farm |
| 18:22 | Create | Villager (Male) |
| 18:23 | Create | Villager (Male) |
| 18:23 | Create | Villager (Male) |
| 18:31 | Create | Villager (Male) |
| 18:31 | Create | Villager (Male) |
| 18:40 | Build | Farm |
| 18:41 | Build | Farm |
| 18:42 | Build | Farm |
| 18:42 | Build | Farm |
| 18:42 | Build | Farm |
| 18:42 | Build | Farm |
| 18:43 | Build | Farm |
| 18:43 | Build | Farm |
| 18:43 | Build | Farm |
| 18:43 | Build | Farm |
| 18:44 | Build | Farm |
| 18:44 | Build | Farm |
| 18:44 | Build | Farm |
| 18:44 | Build | Farm |
| 18:45 | Build | Farm |
| 18:45 | Build | Farm |
| 18:45 | Build | Farm |
| 18:45 | Build | Farm |
| 18:46 | Build | Farm |
| 18:46 | Build | Farm |
| 18:51 | Create | Villager (Male) ×3 |
| 18:51 | Create | Villager (Male) ×3 |
| 18:51 | Create | Villager (Male) ×3 |
| 18:58 | Build | Farm |
| 19:01 | Create | Villager (Male) |
| 19:01 | Create | Villager (Male) |
| 19:07 | Build | Farm |
| 19:09 | Create | Villager (Male) |
| 19:09 | Create | Villager (Male) |
| 19:19 | Build | House |
| 19:26 | Create | Villager (Male) ×2 |
| 19:26 | Create | Villager (Male) ×2 |
| 19:26 | Create | Villager (Male) ×2 |
| 19:29 | Build | Farm |
| 19:38 | Build | House |
| 19:38 | Build | House |
| 19:39 | Build | House |
| 19:39 | Build | House |
| 19:40 | Build | House |
| 19:40 | Build | House |
| 19:41 | Build | House |
Match timeline
| 9:06 | nkbasturk · first_building Barracks |
| 9:55 | ckick123 · age_up feudal |
| 9:56 | nkbasturk · age_up feudal |
| 10:07 | Lord Bendtner · age_up feudal |
| 11:02 | 叫我帅哥就好了 · age_up feudal |
| 11:53 | tostostos · first_building Barracks |
| 12:19 | D.M.G. · age_up feudal |
| 13:07 | tostostos · age_up feudal |
| 14:37 | 叫我帅哥就好了 · first_building Barracks |
| 15:00 | D.M.G. · age_up castle |
| 15:05 | tostostos · first_market_buy 100 food |
| 15:11 | tostostos · first_market_sell 100 wood |
| 15:44 | Lord Bendtner · first_building Barracks |
| 15:55 | ckick123 · first_market_sell 100 wood |
| 16:22 | 叫我帅哥就好了 · age_up castle |
| 16:29 | 叫我帅哥就好了 · first_building Monastery |
| 17:01 | Lord Bendtner · first_building Archery Range |
| 17:26 | nkbasturk · first_building Archery Range |
| 17:53 | tostostos · age_up castle |
| 18:25 | Lord Bendtner · age_up castle |
| 18:47 | ckick123 · age_up castle |
| 19:29 | tostostos · first_building Stable |
| 20:29 | D.M.G. · first_building Castle |
| 21:01 | nkbasturk · age_up castle |
| 21:05 | nkbasturk · first_building Castle |
| 22:06 | tostostos · first_building Siege Workshop |
| 22:27 | ckick123 · first_market_buy 100 stone |
| 23:50 | Lord Bendtner · first_building Castle |
| 25:16 | ckick123 · first_building Monastery |
| 25:30 | 叫我帅哥就好了 · first_building Stable |
| 26:11 | 叫我帅哥就好了 · first_building Castle |
| 26:18 | Lord Bendtner · first_building Stable |
| 26:36 | tostostos · first_building Monastery |
| 27:28 | Lord Bendtner · first_building Monastery |
| 27:59 | 叫我帅哥就好了 · first_building Siege Workshop |
| 28:13 | tostostos · first_building Castle |
| 29:05 | 叫我帅哥就好了 · wall_segment Stone Wall x34 |
| 29:30 | ckick123 · first_building Castle |
| 30:22 | D.M.G. · first_market_sell 500 food |
| 30:30 | 叫我帅哥就好了 · age_up imperial |
| 30:46 | ckick123 · first_building Barracks |
| 31:03 | D.M.G. · age_up imperial |
| 31:37 | Lord Bendtner · age_up imperial |
| 31:37 | ckick123 · first_building Archery Range |
| 31:53 | ckick123 · first_building Stable |
| 32:08 | D.M.G. · first_market_buy 100 food |
| 32:32 | 叫我帅哥就好了 · first_market_sell 500 food |
| 34:05 | nkbasturk · age_up imperial |
| 34:08 | tostostos · age_up imperial |
| 34:09 | ckick123 · age_up imperial |
| 37:28 | 叫我帅哥就好了 · wall_segment Stone Wall x18 |
| 38:26 | 叫我帅哥就好了 · wall_segment Stone Wall x10 |
| 39:17 | tostostos · first_building Archery Range |
| 39:44 | 叫我帅哥就好了 · wall_segment Stone Wall x5 |
| 42:12 | Lord Bendtner · resign |
[ AI ANALYSIS · 1 CREDIT ]
What really happened in this match?
Wolo.gg analyzes every decision: build order, eco, micro, common mistakes by bracket. Personalized analysis on WhatsApp or Discord in 30 seconds.
Civ guide
Persians
Map guide
Arena
Perfil
Lord Bendtner